 Dungeon Crawl Stone Soup version 0.31-a0-162-gc4c5a43528 (webtiles) character file.

Game seed: 1116106893738279386

236200 qw the Peltast (level 19, -14/125 HPs)
             Began as a Gargoyle Fighter on June 12, 2023.
             Was a High Priest of Okawaru.
             Demolished by a vault warden
             ... wielding a +0 bardiche
              (19 damage)
             ... on level 3 of the Vaults.
             The game lasted 00:19:29 (30827 turns).

qw the Peltast (Gargoyle Fighter)                  Turns: 30827, Time: 00:19:29

Health: -14/125    AC: 55    Str: 34    XL:     19   Next: 65%
Magic:  26/26      EV: 11    Int: 12    God:    Okawaru [*****.]
Gold:   789        SH: 22    Dex:  9    Spells: 18/18 levels left

rFire   + + +        G - +3 broad axe (freeze)
rCold   + . .        D - +0 tower shield
rNeg    + + .        n - +7 plate armour of Lyjiptu {rElec Will+ rCorr Stlth+}
rPois   inf          g - +2 helmet
rElec   +            c - +1 cloak "Taloroi" {rF+ rN+ rCorr Str+3}
rCorr   +            s - +2 pair of gloves
SInv    .            e - +2 pair of boots
Will    ++++.        t - amulet of regeneration Stlth
                     H - ring "Toteuj" {Will+ Str+6}
HPRegen 1.20/turn    m - ring "Noupnu Irraf" {rF+ rC+ Will+}
MPRegen 0.20/turn

%: no passive effects
@: about to teleport, heroic, flying
A: sickness immunity, AC +14, big wings, negative energy resistance 1,
electricity resistance, torment resistance 1, petrification resistance, fangs 1,
fire resistance 1, screaming 1
}: 1/15 runes: serpentine
a: Renounce Religion, Heroism, Finesse, Duel


You were on level 3 of the Vaults.
You worshipped Okawaru.
Okawaru was extremely pleased with you.
You visited 6 branches of the dungeon, and saw 32 of its levels.

You collected 3017 gold pieces.
You spent 2228 gold pieces at shops.


Innate Abilities, Weirdness & Mutations

You are immune to sickness and miasma.
Your stone body is resilient. (AC +14)
You are immune to poison.
Your large and strong wings let you fly.
You resist negative energy. (rN+)
You are resistant to electric shocks. (rElec)
You are resistant to unholy torment.
You are immune to petrification.
You have very sharp teeth.
Your flesh is heat resistant. (rF+)
You occasionally shout uncontrollably at your foes.


   Skills:
 - Level 16.0(21.0) Fighting
 - Level 18.0(23.0) Axes
 - Level 9.0(14.0) Throwing
 + Level 15.4(20.4) Armour
 - Level 4.0(9.0) Dodging
 - Level 19.0(24.0) Shields
 - Level 10.0 Invocations


You had 18 spell levels left.
You didn't know any spells.
Your spell library was empty.

Inventory:

Hand Weapons
 G - a +3 broad axe of freezing (weapon)
Missiles
 r - 14 boomerangs
 u - 11 javelins (quivered)
 w - a silver boomerang
 I - a silver javelin
Armour
 c - the +1 cloak "Taloroi" (worn) {rF+ rN+ rCorr Str+3}
   (You found it on level 13 of the Dungeon)

   Str:       It affects your strength (+3).
   rF:        It protects you from fire.
   rN:        It protects you from negative energy.
   rCorr:     It protects you from acid and corrosion.
 e - a +2 pair of boots (worn)
 g - a +2 helmet (worn)
 n - the +7 plate armour of Lyjiptu (worn) {rElec Will+ rCorr Stlth+}
   (You bought it in a shop on level 2 of the Orcish Mines)

   rElec:     It insulates you from electricity.
   rCorr:     It protects you from acid and corrosion.
   Will:      It increases your willpower.
   Stlth:     It makes you more stealthy.
 s - a +2 pair of gloves (worn)
 C - +0 ice dragon scales
 D - a +0 tower shield (worn)
Jewellery
 k - a ring of protection from cold
 m - the ring "Noupnu Irraf" (right hand) {rF+ rC+ Will+}
   (You acquired it on level 7 of the Dungeon)

   [ring of protection from cold]

   rF:        It protects you from fire.
   rC:        It protects you from cold.
   Will:      It increases your willpower.
 t - an amulet of regeneration (around neck)
 x - a ring of resist corrosion
 y - a +6 ring of strength
 H - the ring "Toteuj" (left hand) {Will+ Str+6}
   (You took it off a vault sentinel on level 2 of the Vaults)

   [ring of strength]

   Str:       It affects your strength (+6).
   Will:      It increases your willpower.
 Y - the ring of Faxzix {rF+ rN+ Will+ MP+9}
   (You found it on level 10 of the Dungeon)

   [ring of willpower]

   rF:        It protects you from fire.
   rN:        It protects you from negative energy.
   MP:        It affects your magic capacity (+9).
   Will:      It increases your willpower.
Scrolls
 j - 8 scrolls of teleportation
 v - 18 scrolls of identify
 A - 2 scrolls of enchant armour
Potions
 a - 16 potions of curing
 b - a potion of resistance
 d - 4 potions of might
 h - 5 potions of cancellation
 i - 4 potions of attraction
 l - 3 potions of magic
 o - 7 potions of lignification
 p - 3 potions of mutation
 q - 3 potions of haste

Dungeon Overview and Level Annotations

Branches:
Dungeon (15/15)            Temple (0/1) D:5            Lair (5/5) D:9
  Swamp (3/4) Lair:2        Snake (4/4) Lair:2        Slime (0/5) Lair:5
    Orc (2/2) D:10            Elf (0/3) Orc:2        Vaults (3/5) D:14
  Crypt (0/3) Vaults:2     Depths (0/4) D:15

Altars:
Ashenzari
Elyvilon
Gozag
Hepliaklqana
Nemelex Xobeh
Okawaru
Qazlal
Ru
Trog
Uskayaw
Vehumet
Wu Jian
Xom
The Shining One
Jiyva

Shops:
D:5 *   D:7 *?*   Orc:2 [::[   Snake:1 *   Snake:2 =?!*

Portals:
Trove: Vaults:1 (show slimy rune of Zot)

Annotations:
D:7 exclusion: lava snake
Swamp:1 2 transporters


Message History

The vault warden barely misses you.
The yaktaur shoots a bolt.
The bolt hits you but does no damage.
You slice the war gargoyle!!
You destroy the war gargoyle!
Okawaru accepts your kill.
You barely miss the peacekeeper. You block the peacekeeper's attack.
The peacekeeper closely misses you. You block the vault warden's attack.
The ironbound convoker points at the vault warden and mumbles some strange words.
The vault warden seems to grow stronger.
The yaktaur shoots a bolt.
The bolt hits you!
The yaktaur shoots a bolt.
The bolt hits you but does no damage. You block the peacekeeper's attack.
The peacekeeper claws you but does no damage.
You hit the peacekeeper but do no damage.
The peacekeeper is moderately damaged.
You closely miss the vault warden. The peacekeeper barely misses you.
You block the peacekeeper's attack.
The vault warden hits you with a +0 long sword!!
The vault warden barely misses you.
30825 ||| READING 9 scrolls of teleportation.
As you read the scroll of teleportation, it crumbles to dust.
You feel strangely unstable.
The yaktaur shoots a bolt.
The bolt hits you!
The yaktaur shoots a bolt.
The bolt hits you!
The peacekeeper bites you but does no damage.
You block the peacekeeper's attack. You block the vault warden's attack.
The vault warden hits you with a +0 long sword.
You slash the peacekeeper!
The peacekeeper is heavily damaged.
You hit the ironbound convoker but do no damage.
You slice the vault warden!! You freeze the vault warden.
You block the peacekeeper's attack. x2; The yaktaur shoots a bolt.
The bolt barely misses you.
The bolt hits the ironbound convoker!
You hit the peacekeeper but do no damage.
The peacekeeper is heavily damaged.
You barely miss the ironbound convoker. You hit the yaktaur.
You freeze the yaktaur. You closely miss the vault warden.
The peacekeeper closely misses you. You block the peacekeeper's attack.
The vault warden hits you from afar with a +0 bardiche!!
You die...

..... ..... #...##
#..... #.....
#.....#### #....9p..#
#....p@.c#
#....c..p##############
#......................
#......#########.......
#......# #.......
+.....## #.......
#..... #....... #....#
##....### ...[
#....##..


You could see 2 vault wardens, an ironbound convoker (catching breath), a
peacekeeper (strong) and 2 yaktaurs.

Vanquished Creatures
  Vashnia (Snake:4)
  2 tentacled monstrosities (Swamp:1)
  Asterion (Vaults:1)
  Jorgrun (Orc:1)
  2 quicksilver dragons (Snake:4)
  A fenstrider witch (Swamp:3)
  2 nagarajas
  Louise (Snake:4)
  8 vault wardens
  Aizul (Snake:1)
  A war gargoyle (Vaults:3)
  6 formless jellyfish (Vaults:1)
  4 ironbound preservers
  3 ironbound thunderhulks
  3 eleionomae
  3 bunyips
  15 dire elephants
  Josephine (Snake:1)
  A fire dragon (D:15)
  An ettin (Orc:2)
  A shambling mangrove (Swamp:2)
  4 yaktaur captains
  3 salamander tyrants (Snake:4)
  A peacekeeper (Vaults:2)
  5 great orbs of eyes
  An ice dragon (D:15)
  A rakshasa (D:15)
  6 hydras
  2 ghost crabs
  A catoblepas (Lair:5)
  14 vault guards
  6 boulder beetles
  6 ironbound frosthearts
  5 ogre magi
  7 alligators
  A deep troll shaman (Lair:5)
  15 two-headed ogres
  4 anacondas
  7 death yaks
  4 centaur warriors (Vaults:1)
  7 naga warriors
  A tengu warrior (D:15)
  An orc high priest (Orc:2)
  6 shock serpents
  14 naga sharpshooters
  A skyshark (Lair:5)
  2 goliath frogs
  4 skeletal warriors (Vaults:2)
  4 spriggan druids
  4 swamp dragons
  7 deep trolls (Vaults:1)
  3 naga ritualists
  4 bog bodies
  2 necromancers (Vaults:2)
  3 deep elf pyromancers
  Pikel (D:9)
  3 orc knights
  9 ironbound convokers
  4 lindwurms
  5 wizards
  29 ugly things
  A harpy (Vaults:1)
  4 mana vipers
  An orc sorcerer (Orc:2)
  2 cyclopes
  7 salamanders
  4 will-o-the-wisps
  6 manticores
  9 vault sentinels
  7 guardian serpents
  19 black mambas
  2 fire giant skeletons (Vaults:2)
  25 elephants
  13 naga magi
  11 cane toads
  3 gargoyles
  2 elf skeletons (Vaults:2)
  A torpor snail (Lair:3)
  An unseen horror (D:10)
  Psyche (D:9)
  11 komodo dragons
  2 yaktaur skeletons (Vaults:2)
  4 rime drakes
  18 yaktaurs
  A tengu conjurer (D:10)
  A queen bee (Lair:4)
  11 tyrant leeches
  A bloated husk (Swamp:3)
  3 polar bears
  4 trolls
  A merfolk (shapeshifter) (D:15)
  6 meliai
  12 hornets
  A polar bear (shapeshifter) (D:13)
  Prince Ribbit (D:5)
  23 blink frogs
  2 raiju (shapeshifter) (D:15)
  21 slime creatures
  11 dream sheep
  12 spriggans
  A shadow (D:11)
  6 wyverns
  A deep troll skeleton (Vaults:2)
  An ettin skeleton (Vaults:2)
  42 yaks
  8 wraiths
  Eustachio (D:5)
  12 vampire mosquitoes
  2 basilisks
  Menkaure (D:5)
  A warg (Orc:2)
  21 nagas
  12 swamp worms
  6 acid dragons
  16 water moccasins
  5 human skeletons (Vaults:2)
  An ogre skeleton (Vaults:2)
  A floating eye (shapeshifter) (D:15)
  A sky beast (D:6)
  Duvessa (D:5)
  19 orc warriors
  2 ice beasts (D:5)
  4 black bears
  25 ogres
  8 boggarts (Vaults:1)
  26 wolves
  7 centaurs
  2 lemures (D:9)
  A phantom (D:6)
  Blork the orc (D:6)
  2 kobold brigands
  20 bullfrogs
  A gnoll sergeant (D:10)
  4 wights
  Dowan (D:5)
  25 killer bees
  7 electric eels
  2 howler monkeys
  3 jellies
  A lava snake (D:7)
  6 hounds
  13 orc priests
  2 sleepcaps
  2 gnoll boudas
  An iguana (D:6)
  Ijyb (D:4)
  15 orc wizards
  4 adders
  12 gnolls
  2 shadow imps
  14 white imps
  2 ufetubi (D:6)
  5 dart slugs
  3 worms
  51 orcs
  3 endoplasms
  9 giant cockroaches
  4 goblins
  6 hobgoblins
  7 jackals
  4 quokkas
  6 ball pythons
  4 bats
  15 kobolds
  5 rats
  3 spectral weapons (Vaults:1)
1031 creatures vanquished.

Vanquished Creatures (others)
  A black mamba (Snake:4)
  3 bloated husks (Swamp:3)
  A shadow (D:9)
  A wight (D:9)
  An orc (Orc:2)
  35 foxfires
42 creatures vanquished.

Grand Total: 1073 creatures vanquished

Notes
Turn   | Place    | Note
-------+----------+-------------------------------------------
     0 | D:1      | qw the Gargoyle Fighter began the quest for the Orb.
     0 | D:1      | Reached XP level 1. HP: 14/14 MP: 1/1
     0 | D:1      | 0 ||| qw: Version: 0.2-a-29-gc1b59c4
     0 | D:1      | 0 ||| qw: Game counter: 4336
     0 | D:1      | 0 ||| qw: Always use a shield: true
     0 | D:1      | 0 ||| qw: God list: Okawaru
     0 | D:1      | 0 ||| qw: Allow faded altars: false
     0 | D:1      | 0 ||| qw: Do Orc after D:15 true
     0 | D:1      | 0 ||| qw: Do second Lair branch before Depths: true
     0 | D:1      | 0 ||| qw: Lair rune preference: random
     0 | D:1      | 0 ||| qw: Plans: Normal, Zot:1-4, Slime:5, God:TSO, Crypt,
                  | Tomb, Abyss, Pan, Hells, Win
     0 | D:1      | 0 ||| PLANNING D:1-11
    65 | D:1      | Reached XP level 2. HP: 19/19 MP: 2/2
    91 | D:1      | 91 ||| Stepping ~*~*~tactically~*~*~ (hiding).
   385 | D:1      | Reached skill level 3 in Axes
   390 | D:1      | Reached XP level 3. HP: 21/23 MP: 3/3
   418 | D:1      | 418 ||| DROPPING +0 club.
   904 | D:1      | 904 ||| READING scroll labelled NIOVVI GECO.
   905 | D:1      | 905 ||| READING scroll labelled SEH EGI QOECAAMN.
   906 | D:1      | 906 ||| READING scroll labelled LIKOER VOZXYDD.
   909 | D:1      | 909 ||| READING 2 scrolls labelled PERPHE LOUP.
   910 | D:1      | 910 ||| DRINKING 2 amethyst potions.
   911 | D:1      | 911 ||| DROPPING scroll of blinking.
  1041 | D:2      | 1041 ||| Stepping ~*~*~tactically~*~*~ (stealth).
  1069 | D:2      | Reached XP level 4. HP: 15/28 MP: 4/4
  1131 | D:2      | 1131 ||| Stepping ~*~*~tactically~*~*~ (stealth).
  1730 | D:2      | 1730 ||| UPGRADING to +0 helmet.
  1735 | D:2      | 1735 ||| DROPPING ring of flight.
  1736 | D:2      | 1736 ||| READING scroll labelled SAXEGO GITAICW.
  1737 | D:2      | 1737 ||| DRINKING 2 smoky yellow potions.
  1787 | D:3      | 1787 ||| DROPPING +3 whip.
  1971 | D:3      | Found an ornate altar of the Wu Jian Council.
  2116 | D:3      | Found an opulent altar of Gozag.
  2118 | D:3      | Found a hide-covered altar of Uskayaw.
  2126 | D:3      | Found an iron altar of Okawaru.
  2127 | D:3      | 2127 ||| PLANNING OKAWARU WORSHIP
  2127 | D:3      | 2127 ||| READING scroll labelled XOAXYE NEOCI.
  2128 | D:3      | 2128 ||| READING scroll labelled UCROBOUTUD.
  2129 | D:3      | 2129 ||| READING scroll labelled KINGE WEOS.
  2131 | D:3      | Found a sparkling altar of Nemelex Xobeh.
  2144 | D:3      | Found a bloodstained altar of Trog.
  2146 | D:3      | Became a worshipper of Warmaster Okawaru
  2146 | D:3      | 2146 ||| PLANNING D:1-11
  2151 | D:3      | Found a glowing golden altar of the Shining One.
  2152 | D:3      | Found a radiant altar of Vehumet.
  2430 | D:4      | Noticed Ijyb
  2440 | D:4      | Killed Ijyb
  2441 | D:4      | Reached skill level 1 in Throwing
  2441 | D:4      | Reached XP level 5. HP: 29/32 MP: 5/5
  2523 | D:4      | Found a shimmering altar of Xom.
  2892 | D:4      | Noticed a black bear
  2896 | D:4      | Killed a black bear
  2896 | D:4      | Reached * piety under Okawaru
  2897 | D:4      | Reached XP level 6. HP: 28/39 MP: 6/6
  2939 | D:4      | 2939 ||| DROPPING +0 mace.
  2953 | D:4      | 2953 ||| UPGRADING to ring of resist corrosion.
  2954 | D:4      | 2954 ||| UPGRADING to +6 ring of dexterity.
  2955 | D:4      | 2955 ||| DRINKING 2 smoky grey potions.
  2956 | D:4      | 2956 ||| DRINKING 3 fuming blue potions.
  3005 | D:5      | Entered Level 5 of the Dungeon
  3005 | D:5      | Noticed Duvessa
  3005 | D:5      | Noticed Dowan
  3006 | D:5      | 3006 ||| INVOKING Heroism.
  3010 | D:5      | Killed Dowan
  3011 | D:5      | Reached skill level 1 in Invocations
  3011 | D:5      | Killed Duvessa
  3012 | D:5      | Reached skill level 1 in Dodging
  3012 | D:5      | Reached XP level 7. HP: 44/44 MP: 4/8
  3054 | D:5      | 3054 ||| Stepping ~*~*~tactically~*~*~ (hiding).
  3055 | D:5      | 3055 ||| INVOKING Heroism.
  3127 | D:5      | 3127 ||| INVOKING Heroism.
  3158 | D:5      | Noticed Eustachio
  3159 | D:5      | 3159 ||| INVOKING Heroism.
  3178 | D:5      | 3178 ||| INVOKING Heroism.
  3183 | D:5      | Killed Eustachio
  3245 | D:5      | Found Jun Kogg's Neck Hole.
  3251 | D:5      | 3251 ||| BUYING +0 cloak (58 gold).
  3251 | D:5      | Bought a +0 cloak for 58 gold pieces
  3251 | D:5      | 3251 ||| SHOPLISTING amulet of faith (520 gold, have 125).
  3251 | D:5      | 3251 ||| SHOPLISTING amulet of reflection (390 gold, have
                  | 125).
  3251 | D:5      | 3251 ||| SHOPLISTING scarf of resistance (416 gold, have
                  | 125).
  3287 | D:5      | 3287 ||| READING scroll of brand weapon.
  3287 | D:5      | 3287 ||| BRANDING +0 war axe of freezing.
  3329 | D:5      | 3329 ||| Stepping ~*~*~tactically~*~*~ (hiding).
  3339 | D:5      | Reached skill level 3 in Invocations
  3415 | D:5      | 3415 ||| Stepping ~*~*~tactically~*~*~ (stealth).
  3423 | D:5      | Reached skill level 6 in Axes
  3429 | D:5      | 3429 ||| INVOKING Heroism.
  3439 | D:5      | Reached XP level 8. HP: 18/48 MP: 8/11
  3634 | D:5      | Noticed Menkaure
  3635 | D:5      | 3635 ||| INVOKING Heroism.
  3641 | D:5      | Killed Menkaure
  3728 | D:5      | Found a staircase to the Ecumenical Temple.
  3728 | D:5      | Noticed Prince Ribbit
  3729 | D:5      | 3729 ||| INVOKING Heroism.
  3731 | D:5      | Killed Prince Ribbit
  3732 | D:5      | Reached skill level 3 in Dodging
  3799 | D:5      | 3799 ||| UPGRADING to +0 cloak.
  3804 | D:5      | 3804 ||| READING scroll labelled ETSARU VANUJI.
  3842 | D:6      | Noticed Blork the orc
  3843 | D:6      | 3843 ||| INVOKING Heroism.
  3849 | D:6      | Killed Blork the orc
  3932 | D:6      | 3932 ||| Stepping ~*~*~tactically~*~*~ (hiding).
  3933 | D:6      | 3933 ||| Stepping ~*~*~tactically~*~*~ (hiding).
  3934 | D:6      | 3934 ||| Stepping ~*~*~tactically~*~*~ (hiding).
  3936 | D:6      | 3936 ||| Stepping ~*~*~tactically~*~*~ (hiding).
  3937 | D:6      | 3937 ||| Stepping ~*~*~tactically~*~*~ (hiding).
  3964 | D:6      | 3964 ||| INVOKING Heroism.
  3975 | D:6      | Reached XP level 9. HP: 31/54 MP: 10/12
  4004 | D:6      | 4004 ||| FLEEEEING.
  4063 | D:6      | 4063 ||| Stepping ~*~*~tactically~*~*~ (hiding).
  4067 | D:6      | 4067 ||| INVOKING Heroism.
  4140 | D:6      | 4140 ||| INVOKING Heroism.
  4142 | D:6      | Reached skill level 6 in Fighting
  4363 | D:6      | 4363 ||| INVOKING Heroism.
  4398 | D:6      | 4398 ||| READING scroll of enchant armour.
  4398 | D:6      | 4398 ||| ENCHANTING +0 helmet.
  4512 | D:6      | 4512 ||| INVOKING Heroism.
  4625 | D:6      | 4625 ||| DROPPING +1 robe of resistance.
  4626 | D:6      | 4626 ||| UPGRADING to +0 plate armour.
  4636 | D:6      | 4636 ||| DROPPING +0 scale mail.
  4637 | D:6      | 4637 ||| DRINKING 2 ruby potions.
  4637 | D:6      | Gained mutation: You are frail. (-10% HP) [potion of
                  | mutation]
  4638 | D:6      | 4638 ||| DRINKING potion of mutation.
  4638 | D:6      | Lost mutation: You are frail. (-10% HP) [potion of
                  | mutation]
  4638 | D:6      | Gained mutation: You have very sharp teeth. [potion of
                  | mutation]
  4638 | D:6      | Gained mutation: You occasionally shout uncontrollably at
                  | your foes. [potion of mutation]
  4638 | D:6      | Gained mutation: Your flesh is heat resistant. (rF+)
                  | [potion of mutation]
  4659 | D:6      | 4659 ||| READING 2 scrolls of identify.
  4659 | D:6      | 4659 ||| IDENTIFYING purple potion
  4660 | D:6      | 4660 ||| DROPPING potion of invisibility.
  4672 | D:7      | Found Tyozy's General Store.
  4710 | D:7      | Found Oreihuha's Specific Store.
  4715 | D:7      | Found Zouwaca's Magic Scroll Shoppe.
  4717 | D:7      | 4717 ||| SHOPLISTING amulet of regeneration (360 gold, have
                  | 182).
  4721 | D:7      | 4721 ||| BUYING +1 cloak (115 gold).
  4721 | D:7      | Bought a +1 cloak for 115 gold pieces
  4721 | D:7      | 4721 ||| BUYING potion of curing (30 gold).
  4721 | D:7      | Bought a potion of curing for 30 gold pieces
  4721 | D:7      | 4721 ||| BUYING potion of curing (30 gold).
  4721 | D:7      | Bought a potion of curing for 30 gold pieces
  4727 | D:7      | 4727 ||| SHOPLISTING 3 scrolls of identify (66 gold, have
                  | 7).
  4727 | D:7      | 4727 ||| SHOPLISTING scroll of enchant armour (82 gold,
                  | have 7).
  4727 | D:7      | 4727 ||| SHOPLISTING scroll of identify (22 gold, have 7).
  4727 | D:7      | 4727 ||| SHOPLISTING scroll of teleportation (33 gold, have
                  | 7).
  4731 | D:7      | 4731 ||| READING scroll of enchant armour.
  4731 | D:7      | 4731 ||| ENCHANTING +1 helmet.
  4739 | D:7      | 4739 ||| Stepping ~*~*~tactically~*~*~ (hiding).
  4777 | D:7      | 4777 ||| Stepping ~*~*~tactically~*~*~ (stealth).
  4792 | D:7      | 4792 ||| Stepping ~*~*~tactically~*~*~ (stealth).
  4799 | D:7      | 4799 ||| Stepping ~*~*~tactically~*~*~ (stealth).
  4847 | D:7      | 4847 ||| INVOKING Heroism.
  4883 | D:7      | 4883 ||| Stepping ~*~*~tactically~*~*~ (hiding).
  4884 | D:7      | 4884 ||| Stepping ~*~*~tactically~*~*~ (hiding).
  5073 | D:7      | Reached skill level 9 in Axes
  5165 | D:7      | 5165 ||| UPGRADING to +0 pair of boots.
  5170 | D:7      | 5170 ||| UPGRADING to +1 cloak.
  5172 | D:7      | 5172 ||| UPGRADING to +1 cloak.
  5174 | D:7      | 5174 ||| UPGRADING to +1 cloak.
  5184 | D:7      | 5184 ||| DROPPING +0 cloak.
  5263 | D:7      | 5263 ||| Stepping ~*~*~tactically~*~*~ (stealth).
  5629 | D:8      | Reached skill level 6 in Armour
  5635 | D:8      | Noticed a two-headed ogre
  5636 | D:8      | 5636 ||| INVOKING Heroism.
  5643 | D:8      | Killed a two-headed ogre
  5643 | D:8      | Reached ** piety under Okawaru
  5644 | D:8      | Reached skill level 6 in Shields
  5644 | D:8      | Reached XP level 10. HP: 59/60 MP: 11/13
  5691 | D:8      | 5691 ||| INVOKING Heroism.
  5699 | D:8      | 5699 ||| Stepping ~*~*~tactically~*~*~ (stealth).
  5702 | D:8      | 5702 ||| Stepping ~*~*~tactically~*~*~ (hiding).
  5703 | D:8      | 5703 ||| Stepping ~*~*~tactically~*~*~ (hiding).
  5826 | D:8      | 5826 ||| FLEEEEING.
  5827 | D:8      | 5827 ||| FLEEEEING.
  5828 | D:8      | 5828 ||| FLEEEEING.
  5829 | D:8      | 5829 ||| FLEEEEING.
  5830 | D:8      | 5830 ||| FLEEEEING.
  5835 | D:8      | 5835 ||| FLEEEEING.
  5840 | D:8      | 5840 ||| FLEEEEING.
  5841 | D:8      | 5841 ||| STAIRDANCE
  5865 | D:7      | 5865 ||| READING scroll labelled FITEET ASHRU.
  5865 | D:7      | Identified a scroll of acquirement
  5865 | D:7      | 5865 ||| ACQUIRING ring "Noupnu Irraf" {rF+ rC+ Will+}
  5865 | D:7      | Acquired the ring "Noupnu Irraf" {rF+ rC+ Will+}
  5867 | D:7      | 5867 ||| UPGRADING to ring "Noupnu Irraf" {rF+ rC+ Will+}.
  5938 | D:8      | 5938 ||| INVOKING Heroism.
  6020 | D:8      | 6020 ||| INVOKING Heroism.
  6077 | D:8      | 6077 ||| Stepping ~*~*~tactically~*~*~ (stealth).
  6114 | D:8      | 6114 ||| DROPPING +0 flail.
  6134 | D:8      | 6134 ||| Stepping ~*~*~tactically~*~*~ (stealth).
  6139 | D:8      | 6139 ||| Stepping ~*~*~tactically~*~*~ (stealth).
  6162 | D:8      | Found a sacrificial altar of Ru.
  6411 | D:9      | Noticed Psyche
  6412 | D:9      | 6412 ||| INVOKING Heroism.
  6421 | D:9      | Killed Psyche
  6602 | D:9      | 6602 ||| INVOKING Heroism.
  6612 | D:9      | 6612 ||| INVOKING Heroism.
  6616 | D:9      | Found a staircase to the Lair.
  6623 | D:9      | 6623 ||| Stepping ~*~*~tactically~*~*~ (water).
  6635 | D:9      | 6635 ||| INVOKING Heroism.
  6637 | D:9      | 6637 ||| Stepping ~*~*~tactically~*~*~ (water).
  6651 | D:9      | 6651 ||| Stepping ~*~*~tactically~*~*~ (water).
  6883 | D:9      | Noticed Pikel
  6884 | D:9      | 6884 ||| INVOKING Heroism.
  6892 | D:9      | Killed Pikel
  6892 | D:9      | Reached *** piety under Okawaru
  6893 | D:9      | Reached XP level 11. HP: 21/68 MP: 12/14
  6897 | D:9      | HP: 10/68 [wight/+0 morningstar (10)]
  6898 | D:9      | 6898 ||| READING 5 scrolls of teleportation.
  6900 | D:9      | 6900 ||| INVOKING Heroism.
  6900 | D:9      | HP: 1/68 [gnoll/+0 spear[a gnoll bouda] (5)]
  6964 | D:9      | 6964 ||| INVOKING Heroism.
  6994 | D:9      | 6994 ||| FLEEEEING.
  6995 | D:9      | 6995 ||| FLEEEEING.
  7003 | D:9      | 7003 ||| INVOKING Heroism.
  7085 | D:9      | 7085 ||| FLEEEEING.
  7086 | D:9      | 7086 ||| FLEEEEING.
  7093 | D:9      | 7093 ||| STAIRDANCE
  7113 | D:8      | 7113 ||| UPGRADING to +0 pair of gloves.
  7118 | D:8      | 7118 ||| DROPPING ring of magical power.
  7119 | D:8      | 7119 ||| READING 2 scrolls of identify.
  7119 | D:8      | 7119 ||| IDENTIFYING black potion
  7140 | D:9      | 7140 ||| Stepping ~*~*~tactically~*~*~ (stealth).
  7588 | D:9      | 7588 ||| PLANNING LAIR
  7614 | Lair:1   | Entered Level 1 of the Lair of Beasts
  7651 | Lair:1   | 7651 ||| Stepping ~*~*~tactically~*~*~ (hiding).
  7719 | Lair:1   | 7719 ||| INVOKING Heroism.
  7816 | Lair:1   | 7816 ||| INVOKING Heroism.
  7897 | Lair:1   | 7897 ||| Stepping ~*~*~tactically~*~*~ (hiding).
  7901 | Lair:1   | 7901 ||| INVOKING Heroism.
  7905 | Lair:1   | Reached skill level 3 in Throwing
  8043 | Lair:1   | 8043 ||| READING scroll of enchant armour.
  8043 | Lair:1   | 8043 ||| ENCHANTING +0 pair of gloves.
  8112 | Lair:1   | 8112 ||| INVOKING Heroism.
  8407 | Lair:1   | 8407 ||| INVOKING Heroism.
  8608 | Lair:1   | 8608 ||| READING scroll labelled ACIUV KAODE.
  8609 | Lair:1   | 8609 ||| READING scroll labelled AFUTUXZ GEOT.
  8672 | Lair:2   | 8672 ||| INVOKING Heroism.
  8676 | Lair:2   | Reached skill level 9 in Fighting
  8694 | Lair:2   | 8694 ||| DROPPING +0 heavy flail.
  8702 | Lair:2   | 8702 ||| Stepping ~*~*~tactically~*~*~ (stealth).
  8703 | Lair:2   | 8703 ||| INVOKING Heroism.
  8712 | Lair:2   | Reached skill level 9 in Armour
  8715 | Lair:2   | Reached **** piety under Okawaru
  8716 | Lair:2   | Received a gift from Okawaru
  8733 | Lair:2   | 8733 ||| Stepping ~*~*~tactically~*~*~ (stealth).
  8736 | Lair:2   | 8736 ||| INVOKING Heroism.
  8853 | Lair:2   | Reached XP level 12. HP: 64/76 MP: 16/16
  8853 | Lair:2   | 8853 ||| INVOKING Heroism.
  8861 | Lair:2   | Reached skill level 6 in Invocations
  8861 | Lair:2   | Noticed a five-headed hydra
  8864 | Lair:2   | Reached skill level 12 in Axes
  8868 | Lair:2   | 8868 ||| SWAPPING to +0 morningstar.
  8876 | Lair:2   | Killed a five-headed hydra
  8876 | Lair:2   | Reached ***** piety under Okawaru
  8877 | Lair:2   | 8877 ||| SWAPPING to +1 heavy war axe.
  8880 | Lair:2   | 8880 ||| INVOKING Heroism.
  8923 | Lair:2   | 8923 ||| INVOKING Heroism.
  8933 | Lair:2   | 8933 ||| Stepping ~*~*~tactically~*~*~ (stealth).
  9041 | Lair:2   | Found a staircase to the Swamp.
  9254 | Lair:2   | 9254 ||| Stepping ~*~*~tactically~*~*~ (hiding).
  9266 | Lair:2   | 9266 ||| INVOKING Heroism.
  9376 | Lair:2   | Found a staircase to the Snake Pit.
  9428 | Lair:2   | Received a gift from Okawaru
  9830 | Lair:2   | 9830 ||| READING scroll labelled SOEGHI KIMEA.
  9831 | Lair:2   | 9831 ||| READING 2 scrolls of identify.
  9831 | Lair:2   | 9831 ||| IDENTIFYING smoky black potion
  9953 | Lair:3   | Noticed a death yak
  9954 | Lair:3   | 9954 ||| INVOKING Heroism.
  9954 | Lair:3   | Noticed a death yak
  9955 | Lair:3   | 9955 ||| Stepping ~*~*~tactically~*~*~ (stealth).
  9958 | Lair:3   | Noticed a death yak
  9958 | Lair:3   | Noticed a death yak
  9960 | Lair:3   | Killed a death yak
  9967 | Lair:3   | Killed a death yak
  9968 | Lair:3   | 9968 ||| INVOKING Finesse.
  9970 | Lair:3   | Killed a death yak
  9976 | Lair:3   | Killed a death yak
 10017 | Lair:3   | 10017 ||| Stepping ~*~*~tactically~*~*~ (stealth).
 10018 | Lair:3   | 10018 ||| INVOKING Heroism.
 10173 | Lair:3   | 10173 ||| FLEEEEING.
 10174 | Lair:3   | 10174 ||| FLEEEEING.
 10175 | Lair:3   | 10175 ||| FLEEEEING.
 10176 | Lair:3   | Noticed a five-headed hydra
 10177 | Lair:3   | 10177 ||| INVOKING Heroism.
 10178 | Lair:3   | 10178 ||| INVOKING Finesse.
 10179 | Lair:3   | 10179 ||| SWAPPING to +0 morningstar.
 10183 | Lair:3   | Killed a five-headed hydra
 10184 | Lair:3   | Reached skill level 9 in Invocations
 10184 | Lair:3   | 10184 ||| SWAPPING to +1 heavy war axe.
 10211 | Lair:3   | Reached XP level 13. HP: 24/82 MP: 14/20
 10218 | Lair:3   | 10218 ||| INVOKING Heroism.
 10299 | Lair:3   | 10299 ||| INVOKING Heroism.
 10317 | Lair:3   | 10317 ||| Stepping ~*~*~tactically~*~*~ (stealth).
 10319 | Lair:3   | 10319 ||| Stepping ~*~*~tactically~*~*~ (stealth).
 10320 | Lair:3   | 10320 ||| Stepping ~*~*~tactically~*~*~ (stealth).
 10598 | Lair:3   | 10598 ||| INVOKING Heroism.
 10736 | Lair:3   | 10736 ||| Stepping ~*~*~tactically~*~*~ (stealth).
 10737 | Lair:3   | 10737 ||| Stepping ~*~*~tactically~*~*~ (stealth).
 10936 | Lair:3   | 10936 ||| INVOKING Heroism.
 11116 | Lair:3   | 11116 ||| READING 2 scrolls labelled WIAJAI XIRUN.
 11117 | Lair:3   | 11117 ||| READING 2 scrolls of identify.
 11117 | Lair:3   | 11117 ||| IDENTIFYING fizzy brown potion
 11118 | Lair:3   | 11118 ||| DROPPING scroll of fog.
 11119 | Lair:3   | 11119 ||| DROPPING potion of enlightenment.
 11164 | Lair:4   | 11164 ||| INVOKING Heroism.
 11297 | Lair:4   | 11297 ||| Stepping ~*~*~tactically~*~*~ (stealth).
 11301 | Lair:4   | 11301 ||| INVOKING Heroism.
 11316 | Lair:4   | HP: 18/82 [yak (8)]
 11317 | Lair:4   | 11317 ||| READING 4 scrolls of teleportation.
 11318 | Lair:4   | 11318 ||| DRINKING potion of heal wounds.
 11319 | Lair:4   | Received a gift from Okawaru
 11325 | Lair:4   | HP: 13/82 [yak (9)]
 11326 | Lair:4   | 11326 ||| READING 3 scrolls of teleportation.
 11547 | Lair:4   | 11547 ||| READING scroll of enchant armour.
 11547 | Lair:4   | 11547 ||| ENCHANTING +1 pair of gloves.
 11645 | Lair:4   | 11645 ||| INVOKING Heroism.
 11747 | Lair:4   | 11747 ||| Stepping ~*~*~tactically~*~*~ (stealth).
 11751 | Lair:4   | 11751 ||| Stepping ~*~*~tactically~*~*~ (stealth).
 11763 | Lair:4   | 11763 ||| INVOKING Heroism.
 12138 | Lair:4   | 12138 ||| INVOKING Heroism.
 12270 | Lair:4   | 12270 ||| UPGRADING to amulet of regeneration.
 12275 | Lair:4   | 12275 ||| UPGRADING to +6 ring of strength.
 12277 | Lair:4   | 12277 ||| READING 3 scrolls of identify.
 12277 | Lair:4   | 12277 ||| IDENTIFYING bubbling golden potion
 12278 | Lair:4   | 12278 ||| DROPPING potion of brilliance.
 12309 | Lair:5   | Entered Level 5 of the Lair of Beasts
 12319 | Lair:5   | Received a gift from Okawaru
 12333 | Lair:5   | 12333 ||| INVOKING Heroism.
 12341 | Lair:5   | Reached skill level 7 in Shields
 12347 | Lair:5   | 12347 ||| FLEEEEING.
 12348 | Lair:5   | 12348 ||| FLEEEEING.
 12349 | Lair:5   | 12349 ||| FLEEEEING.
 12350 | Lair:5   | 12350 ||| FLEEEEING.
 12351 | Lair:5   | 12351 ||| FLEEEEING.
 12352 | Lair:5   | 12352 ||| FLEEEEING.
 12353 | Lair:5   | 12353 ||| FLEEEEING.
 12354 | Lair:5   | 12354 ||| FLEEEEING.
 12355 | Lair:5   | 12355 ||| STAIRDANCE
 12400 | Lair:5   | 12400 ||| STAIRDANCE
 12418 | Lair:5   | 12418 ||| Stepping ~*~*~tactically~*~*~ (stealth).
 12419 | Lair:5   | 12419 ||| Stepping ~*~*~tactically~*~*~ (stealth).
 12420 | Lair:5   | 12420 ||| Stepping ~*~*~tactically~*~*~ (stealth).
 12432 | Lair:5   | Received a gift from Okawaru
 12443 | Lair:5   | 12443 ||| INVOKING Heroism.
 12444 | Lair:5   | 12444 ||| INVOKING Finesse.
 12480 | Lair:5   | Gained mutation: Your large and strong wings let you fly.
                  | [Gargoyle growth]
 12480 | Lair:5   | Reached XP level 14. HP: 90/90 MP: 17/21
 12515 | Lair:5   | Found a viscous altar of Jiyva.
 12516 | Lair:5   | Found a staircase to the Slime Pits.
 12599 | Lair:5   | 12599 ||| Stepping ~*~*~tactically~*~*~ (stealth).
 12661 | Lair:5   | 12661 ||| INVOKING Heroism.
 12685 | Lair:5   | Reached skill level 15 in Axes
 12744 | Lair:5   | Received a gift from Okawaru
 12834 | Lair:5   | 12834 ||| INVOKING Heroism.
 12835 | Lair:5   | 12835 ||| Stepping ~*~*~tactically~*~*~ (stealth).
 12837 | Lair:5   | 12837 ||| INVOKING Finesse.
 12850 | Lair:5   | Received a gift from Okawaru
 13054 | Lair:5   | Identified the +0 scale mail of Soft Rains {Str+2}
 13056 | Lair:5   | 13056 ||| INVOKING Heroism.
 13057 | Lair:5   | 13057 ||| SWAPPING to +0 morningstar.
 13058 | Lair:5   | 13058 ||| INVOKING Finesse.
 13065 | Lair:5   | 13065 ||| SWAPPING to +1 heavy war axe.
 13068 | Lair:5   | Reached skill level 12 in Fighting
 13120 | Lair:5   | Received a gift from Okawaru
 13234 | Lair:5   | 13234 ||| Stepping ~*~*~tactically~*~*~ (stealth).
 13555 | Lair:5   | 13555 ||| INVOKING Heroism.
 13556 | Lair:5   | 13556 ||| INVOKING Finesse.
 13611 | Lair:5   | Found the +11 plutonium sword {Contam Stlth-}
 13696 | Lair:5   | 13696 ||| PLANNING D:1-11
 13696 | Lair:5   | 13696 ||| DROPPING +0 morningstar.
 13830 | D:10     | Entered Level 10 of the Dungeon
 13861 | D:10     | Found a broken altar of Ashenzari.
 13915 | D:10     | Identified the ring of Faxzix {rF+ rN+ Will+ MP+9}
 13936 | D:10     | Identified the staff of fire "Zittamo" {rF+ Int+4}
 14057 | D:10     | 14057 ||| UPGRADING to +2 pair of boots.
 14059 | D:10     | 14059 ||| UPGRADING to +2 pair of boots.
 14064 | D:10     | 14064 ||| UPGRADING to +0 pair of boots.
 14069 | D:10     | 14069 ||| UPGRADING to +2 pair of boots.
 14079 | D:10     | 14079 ||| DROPPING +0 pair of boots.
 14154 | D:10     | Received a gift from Okawaru
 14186 | D:10     | Found a staircase to the Orcish Mines.
 14781 | D:10     | 14781 ||| UPGRADING to +0 kite shield.
 14791 | D:10     | 14791 ||| DROPPING +0 buckler.
 14861 | D:11     | 14861 ||| Stepping ~*~*~tactically~*~*~ (stealth).
 14963 | D:11     | Identified the +5 trident of Ixaavyus {speed, Will++}
 15057 | D:11     | 15057 ||| INVOKING Heroism.
 15058 | D:11     | 15058 ||| INVOKING Finesse.
 15138 | D:11     | Reached skill level 8 in Shields
 15143 | D:11     | Found a frozen archway.
 15594 | D:11     | 15594 ||| PLANNING D
 15752 | D:12     | 15752 ||| Stepping ~*~*~tactically~*~*~ (hiding).
 16020 | D:12     | 16020 ||| Stepping ~*~*~tactically~*~*~ (hiding).
 16027 | D:12     | 16027 ||| Stepping ~*~*~tactically~*~*~ (hiding).
 16288 | D:12     | Reached skill level 9 in Shields
 16652 | D:12     | 16652 ||| INVOKING Heroism.
 16707 | D:13     | 16707 ||| INVOKING Heroism.
 16746 | D:13     | 16746 ||| Stepping ~*~*~tactically~*~*~ (hiding).
 16747 | D:13     | 16747 ||| Stepping ~*~*~tactically~*~*~ (hiding).
 16748 | D:13     | 16748 ||| INVOKING Heroism.
 16756 | D:13     | Reached XP level 15. HP: 96/96 MP: 20/22
 16854 | D:13     | Identified the +1 cloak "Taloroi" {rF+ rN+ rCorr Str+3}
 16906 | D:13     | Reached skill level 10 in Shields
 16989 | D:13     | 16989 ||| READING scroll of enchant armour.
 16989 | D:13     | 16989 ||| ENCHANTING +1 cloak.
 17045 | D:13     | Received a gift from Okawaru
 17471 | D:13     | Found a faded altar of an unknown god.
 17473 | D:13     | Found a hazy altar of Hepliaklqana.
 17473 | D:13     | Found a faded altar of an unknown god.
 17485 | D:13     | 17485 ||| UPGRADING to +1 cloak "Taloroi" {rF+ rN+ rCorr
                  | Str+3}.
 17495 | D:13     | 17495 ||| DROPPING +2 cloak.
 17496 | D:13     | 17496 ||| DROPPING +2 cloak of stealth.
 17497 | D:13     | 17497 ||| DROPPING amulet of guardian spirit.
 17498 | D:13     | 17498 ||| READING 5 scrolls of identify.
 17498 | D:13     | 17498 ||| IDENTIFYING sapphire potion
 17499 | D:13     | 17499 ||| DROPPING potion of berserk rage.
 17523 | D:14     | 17523 ||| Stepping ~*~*~tactically~*~*~ (hiding).
 17654 | D:14     | Reached skill level 11 in Shields
 17690 | D:14     | 17690 ||| Stepping ~*~*~tactically~*~*~ (hiding).
 17691 | D:14     | 17691 ||| Stepping ~*~*~tactically~*~*~ (hiding).
 17692 | D:14     | 17692 ||| Stepping ~*~*~tactically~*~*~ (hiding).
 17693 | D:14     | 17693 ||| Stepping ~*~*~tactically~*~*~ (hiding).
 17695 | D:14     | 17695 ||| Stepping ~*~*~tactically~*~*~ (hiding).
 17845 | D:14     | Found a gate to the Vaults.
 17882 | D:14     | Reached skill level 12 in Shields
 17980 | D:14     | 17980 ||| Stepping ~*~*~tactically~*~*~ (stealth).
 18094 | D:14     | Found a stormy altar of Qazlal.
 18273 | D:14     | 18273 ||| READING scroll labelled KUAT QOS NERHA.
 18274 | D:14     | 18274 ||| READING 6 scrolls of identify.
 18274 | D:14     | 18274 ||| IDENTIFYING glowing dark potion
 18291 | D:15     | Entered Level 15 of the Dungeon
 18358 | D:15     | Identified the +0 robe "Afella" {Will+} (Okawaru gifted it
                  | to you on level 15 of the Dungeon)
 18358 | D:15     | Received a gift from Okawaru
 18362 | D:15     | 18362 ||| INVOKING Heroism.
 18441 | D:15     | 18441 ||| INVOKING Heroism.
 18456 | D:15     | Reached skill level 12 in Armour
 18469 | D:15     | Found a staircase to the Depths.
 18523 | D:15     | 18523 ||| READING scroll of enchant weapon.
 18523 | D:15     | 18523 ||| ENCHANTING +1 heavy war axe.
 18692 | D:15     | 18692 ||| Stepping ~*~*~tactically~*~*~ (stealth).
 18704 | D:15     | 18704 ||| INVOKING Heroism.
 18816 | D:15     | Identified the +1 ring mail "Cyeteigo" {rF+}
 18870 | D:15     | Found an iron altar of Okawaru.
 18949 | D:15     | 18949 ||| READING scroll of enchant weapon.
 18949 | D:15     | 18949 ||| ENCHANTING +2 heavy war axe.
 18991 | D:15     | 18991 ||| PLANNING ORC
 19077 | Orc:1    | Entered Level 1 of the Orcish Mines
 19082 | Orc:1    | Reached skill level 13 in Shields
 19087 | Orc:1    | 19087 ||| STAIRDANCE
 19105 | Orc:1    | 19105 ||| STAIRDANCE
 19121 | Orc:1    | 19121 ||| STAIRDANCE
 19141 | Orc:1    | Noticed Jorgrun
 19142 | Orc:1    | 19142 ||| INVOKING Heroism.
 19143 | Orc:1    | 19143 ||| INVOKING Finesse.
 19153 | Orc:1    | Killed Jorgrun
 19390 | Orc:1    | 19390 ||| Stepping ~*~*~tactically~*~*~ (stealth).
 19391 | Orc:1    | 19391 ||| Stepping ~*~*~tactically~*~*~ (stealth).
 19393 | Orc:1    | 19393 ||| Stepping ~*~*~tactically~*~*~ (hiding).
 19395 | Orc:1    | 19395 ||| INVOKING Heroism.
 19627 | Orc:1    | 19627 ||| UPGRADING to +3 plate armour.
 19637 | Orc:1    | 19637 ||| DROPPING +0 plate armour.
 19644 | Orc:2    | Entered Level 2 of the Orcish Mines
 19654 | Orc:2    | 19654 ||| Stepping ~*~*~tactically~*~*~ (stealth).
 19656 | Orc:2    | 19656 ||| Stepping ~*~*~tactically~*~*~ (hiding).
 19659 | Orc:2    | 19659 ||| INVOKING Heroism.
 19865 | Orc:2    | 19865 ||| INVOKING Heroism.
 19887 | Orc:2    | 19887 ||| INVOKING Heroism.
 19956 | Orc:2    | Found a staircase to the Elven Halls.
 20078 | Orc:2    | 20078 ||| Stepping ~*~*~tactically~*~*~ (hiding).
 20079 | Orc:2    | 20079 ||| Stepping ~*~*~tactically~*~*~ (hiding).
 20225 | Orc:2    | 20225 ||| INVOKING Heroism.
 20226 | Orc:2    | Found Ruoll's Book Shop.
 20226 | Orc:2    | Found Zutz's Antique Armour Shoppe.
 20227 | Orc:2    | Found Haim's Armour Emporium.
 20227 | Orc:2    | Found Fonli's Book Shop.
 20231 | Orc:2    | Reached XP level 16. HP: 104/104 MP: 21/23
 20249 | Orc:2    | Received a gift from Okawaru
 20252 | Orc:2    | Reached skill level 6 in Throwing
 20261 | Orc:2    | 20261 ||| INVOKING Heroism.
 20277 | Orc:2    | 20277 ||| INVOKING Heroism.
 20315 | Orc:2    | 20315 ||| BUYING buzzing plate armour (672 gold).
 20315 | Orc:2    | Bought a buzzing plate armour for 672 gold pieces
 20315 | Orc:2    | Identified the +7 plate armour of Lyjiptu {rElec Will+
                  | rCorr Stlth+} (You bought it in a shop on level 2 of the
                  | Orcish Mines)
 20351 | Orc:2    | 20351 ||| INVOKING Heroism.
 20357 | Orc:2    | Received a gift from Okawaru
 20557 | Orc:2    | 20557 ||| PLANNING SNAKE:1-3
 20557 | Orc:2    | 20557 ||| UPGRADING to +7 plate armour of Lyjiptu {rElec
                  | Will+ rCorr Stlth+}.
 20567 | Orc:2    | 20567 ||| DROPPING +0 acid dragon scales.
 20568 | Orc:2    | 20568 ||| DROPPING +3 plate armour.
 20788 | Snake:1  | Entered Level 1 of the Snake Pit
 20812 | Snake:1  | 20812 ||| FLEEEEING.
 20819 | Snake:1  | 20819 ||| INVOKING Heroism.
 20843 | Snake:1  | 20843 ||| Stepping ~*~*~tactically~*~*~ (hiding).
 20845 | Snake:1  | 20845 ||| Stepping ~*~*~tactically~*~*~ (hiding).
 20846 | Snake:1  | 20846 ||| Stepping ~*~*~tactically~*~*~ (hiding).
 20859 | Snake:1  | 20859 ||| Stepping ~*~*~tactically~*~*~ (hiding).
 20866 | Snake:1  | 20866 ||| INVOKING Heroism.
 20916 | Snake:1  | Noticed Josephine
 20918 | Snake:1  | 20918 ||| INVOKING Heroism.
 20928 | Snake:1  | Killed Josephine
 20928 | Snake:1  | Noticed Aizul
 20938 | Snake:1  | HP: 18/106 [Aizul (15)]
 20939 | Snake:1  | 20939 ||| READING 5 scrolls of teleportation.
 20940 | Snake:1  | 20940 ||| DRINKING potion of heal wounds.
 20942 | Snake:1  | 20942 ||| INVOKING Heroism.
 21013 | Snake:1  | 21013 ||| Stepping ~*~*~tactically~*~*~ (stealth).
 21023 | Snake:1  | 21023 ||| Stepping ~*~*~tactically~*~*~ (hiding).
 21024 | Snake:1  | 21024 ||| Stepping ~*~*~tactically~*~*~ (hiding).
 21025 | Snake:1  | 21025 ||| Stepping ~*~*~tactically~*~*~ (hiding).
 21026 | Snake:1  | 21026 ||| INVOKING Heroism.
 21033 | Snake:1  | Killed Aizul
 21034 | Snake:1  | 21034 ||| Stepping ~*~*~tactically~*~*~ (hiding).
 21039 | Snake:1  | 21039 ||| Stepping ~*~*~tactically~*~*~ (hiding).
 21049 | Snake:1  | Received a gift from Okawaru
 21073 | Snake:1  | 21073 ||| SWAPPING to +0 broad axe.
 21074 | Snake:1  | 21074 ||| DROPPING +3 heavy war axe.
 21145 | Snake:1  | Found Jimibo Xayl's General Store.
 21186 | Snake:1  | 21186 ||| BUYING scroll of identify (26 gold).
 21186 | Snake:1  | Bought a scroll of identify for 26 gold pieces
 21269 | Snake:1  | 21269 ||| DROPPING scarf of repulsion.
 21270 | Snake:1  | 21270 ||| READING scroll labelled BOGAHETEAFF.
 21287 | Snake:2  | Found a white marble altar of Elyvilon.
 21468 | Snake:2  | 21468 ||| INVOKING Heroism.
 21476 | Snake:2  | Received a gift from Okawaru
 21544 | Snake:2  | 21544 ||| DROPPING +0 eveningstar.
 21595 | Snake:2  | 21595 ||| Stepping ~*~*~tactically~*~*~ (hiding).
 21604 | Snake:2  | 21604 ||| INVOKING Heroism.
 21662 | Snake:2  | Found Etwoapho's Jewellery Shop.
 21681 | Snake:2  | Found Mimel's Distillery.
 21681 | Snake:2  | Found Byfeusk's Magic Scroll Shop.
 21684 | Snake:2  | Found Jamipp's Assorted Antiques.
 21686 | Snake:2  | 21686 ||| SHOPLISTING +4 ring of slaying (1404 gold, have
                  | 1351).
 21686 | Snake:2  | 21686 ||| BUYING ring of see invisible (270 gold).
 21686 | Snake:2  | Bought a ring of see invisible for 270 gold pieces
 21693 | Snake:2  | 21693 ||| BUYING scroll of enchant armour (112 gold).
 21693 | Snake:2  | Bought a scroll of enchant armour for 112 gold pieces
 21693 | Snake:2  | 21693 ||| BUYING scroll of identify (30 gold).
 21693 | Snake:2  | Bought a scroll of identify for 30 gold pieces
 21693 | Snake:2  | 21693 ||| BUYING scroll of identify (30 gold).
 21693 | Snake:2  | Bought a scroll of identify for 30 gold pieces
 21693 | Snake:2  | 21693 ||| BUYING scroll of teleportation (45 gold).
 21693 | Snake:2  | Bought a scroll of teleportation for 45 gold pieces
 21696 | Snake:2  | 21696 ||| BUYING 2 potions of magic (384 gold).
 21696 | Snake:2  | Bought 2 potions of magic for 384 gold pieces
 21696 | Snake:2  | 21696 ||| BUYING potion of heal wounds (120 gold).
 21696 | Snake:2  | Bought a potion of heal wounds for 120 gold pieces
 21696 | Snake:2  | 21696 ||| BUYING scroll of enchant weapon (180 gold).
 21696 | Snake:2  | Bought a scroll of enchant weapon for 180 gold pieces
 21696 | Snake:2  | 21696 ||| READING scroll of enchant weapon.
 21696 | Snake:2  | 21696 ||| ENCHANTING +0 broad axe.
 21700 | Snake:2  | 21700 ||| BUYING potion of attraction (63 gold).
 21700 | Snake:2  | Bought a potion of attraction for 63 gold pieces
 21700 | Snake:2  | 21700 ||| BUYING potion of attraction (63 gold).
 21700 | Snake:2  | Bought a potion of attraction for 63 gold pieces
 21700 | Snake:2  | 21700 ||| SHOPLISTING potion of cancellation (168 gold,
                  | have 54).
 21700 | Snake:2  | 21700 ||| SHOPLISTING potion of curing (63 gold, have 54).
 21700 | Snake:2  | 21700 ||| SHOPLISTING potion of lignification (63 gold,
                  | have 54).
 21700 | Snake:2  | 21700 ||| SHOPLISTING potion of magic (168 gold, have 54).
 21700 | Snake:2  | 21700 ||| SHOPLISTING potion of resistance (210 gold, have
                  | 54).
 21805 | Snake:2  | 21805 ||| DROPPING ring of positive energy.
 21847 | Snake:3  | 21847 ||| INVOKING Heroism.
 21939 | Snake:3  | 21939 ||| Stepping ~*~*~tactically~*~*~ (hiding).
 22000 | Snake:3  | 22000 ||| Stepping ~*~*~tactically~*~*~ (hiding).
 22036 | Snake:3  | Noticed a nagaraja
 22037 | Snake:3  | 22037 ||| INVOKING Heroism.
 22059 | Snake:3  | Killed a nagaraja
 22488 | Snake:3  | 22488 ||| Stepping ~*~*~tactically~*~*~ (stealth).
 22490 | Snake:3  | 22490 ||| Stepping ~*~*~tactically~*~*~ (hiding).
 22520 | Snake:3  | Reached XP level 17. HP: 111/111 MP: 24/24
 22566 | Snake:3  | 22566 ||| Stepping ~*~*~tactically~*~*~ (hiding).
 22761 | Snake:3  | 22761 ||| PLANNING SWAMP:1-3
 22851 | Swamp:1  | Entered Level 1 of the Swamp
 22876 | Swamp:1  | 22876 ||| Stepping ~*~*~tactically~*~*~ (stealth).
 22878 | Swamp:1  | 22878 ||| Stepping ~*~*~tactically~*~*~ (stealth).
 22914 | Swamp:1  | 22914 ||| INVOKING Heroism.
 22915 | Swamp:1  | Noticed a tentacled monstrosity
 22916 | Swamp:1  | 22916 ||| INVOKING Finesse.
 22939 | Swamp:1  | Killed a tentacled monstrosity
 22982 | Swamp:1  | Noticed a tentacled monstrosity
 22990 | Swamp:1  | 22990 ||| INVOKING Heroism.
 23000 | Swamp:1  | HP: 19/111 [tentacled monstrosity (10)]
 23001 | Swamp:1  | 23001 ||| READING 6 scrolls of teleportation.
 23002 | Swamp:1  | 23002 ||| DRINKING potion of heal wounds.
 23003 | Swamp:1  | 23003 ||| SWAPPING to +0 hand axe of flaming.
 23005 | Swamp:1  | HP: 16/111 [spriggan rider/+0 spear (16)]
 23007 | Swamp:1  | 23007 ||| SWAPPING to +1 broad axe.
 23051 | Swamp:1  | 23051 ||| Stepping ~*~*~tactically~*~*~ (stealth).
 23052 | Swamp:1  | 23052 ||| Stepping ~*~*~tactically~*~*~ (stealth).
 23053 | Swamp:1  | 23053 ||| INVOKING Heroism.
 23188 | Swamp:1  | 23188 ||| INVOKING Heroism.
 23189 | Swamp:1  | 23189 ||| INVOKING Finesse.
 23200 | Swamp:1  | Killed a tentacled monstrosity
 23237 | Swamp:1  | Found a transporter.
 23316 | Swamp:1  | 23316 ||| INVOKING Heroism.
 23337 | Swamp:1  | Found a transporter.
 23671 | Swamp:2  | Reached skill level 18 in Axes
 23780 | Swamp:2  | Reached skill level 14 in Shields
 23793 | Swamp:2  | 23793 ||| Stepping ~*~*~tactically~*~*~ (hiding).
 23794 | Swamp:2  | 23794 ||| INVOKING Heroism.
 23901 | Swamp:2  | 23901 ||| Stepping ~*~*~tactically~*~*~ (stealth).
 23903 | Swamp:2  | 23903 ||| Stepping ~*~*~tactically~*~*~ (hiding).
 23905 | Swamp:2  | 23905 ||| Stepping ~*~*~tactically~*~*~ (hiding).
 23906 | Swamp:2  | 23906 ||| Stepping ~*~*~tactically~*~*~ (hiding).
 23907 | Swamp:2  | 23907 ||| Stepping ~*~*~tactically~*~*~ (hiding).
 23911 | Swamp:2  | 23911 ||| INVOKING Heroism.
 23928 | Swamp:2  | 23928 ||| READING scroll of enchant weapon.
 23928 | Swamp:2  | 23928 ||| ENCHANTING +1 broad axe.
 23962 | Swamp:2  | You are sucked into a shaft and drop 1 floor!
 24067 | Swamp:3  | 24067 ||| INVOKING Heroism.
 24113 | Swamp:3  | 24113 ||| INVOKING Heroism.
 24136 | Swamp:3  | Received a gift from Okawaru
 24151 | Swamp:3  | 24151 ||| Stepping ~*~*~tactically~*~*~ (hiding).
 24170 | Swamp:3  | 24170 ||| Stepping ~*~*~tactically~*~*~ (cloud).
 24208 | Swamp:3  | 24208 ||| Stepping ~*~*~tactically~*~*~ (stealth).
 24210 | Swamp:3  | 24210 ||| Stepping ~*~*~tactically~*~*~ (stealth).
 24238 | Swamp:3  | 24238 ||| Stepping ~*~*~tactically~*~*~ (stealth).
 24240 | Swamp:3  | 24240 ||| Stepping ~*~*~tactically~*~*~ (hiding).
 24390 | Swamp:3  | 24390 ||| DROPPING amulet of magic regeneration.
 24391 | Swamp:3  | 24391 ||| DROPPING ring of wizardry.
 24392 | Swamp:3  | 24392 ||| DROPPING ring of willpower.
 24419 | Swamp:2  | 24419 ||| INVOKING Heroism.
 24474 | Swamp:2  | 24474 ||| Stepping ~*~*~tactically~*~*~ (hiding).
 24634 | Swamp:2  | 24634 ||| INVOKING Heroism.
 24821 | Swamp:2  | 24821 ||| DROPPING ring of ice.
 24841 | Swamp:3  | 24841 ||| INVOKING Heroism.
 24969 | Swamp:3  | 24969 ||| INVOKING Heroism.
 25068 | Swamp:3  | 25068 ||| Stepping ~*~*~tactically~*~*~ (stealth).
 25070 | Swamp:3  | 25070 ||| INVOKING Heroism.
 25074 | Swamp:3  | 25074 ||| Stepping ~*~*~tactically~*~*~ (hiding).
 25137 | Swamp:3  | 25137 ||| PLANNING SNAKE:4
 25280 | Snake:4  | Entered Level 4 of the Snake Pit
 25316 | Snake:4  | 25316 ||| INVOKING Heroism.
 25387 | Snake:4  | Identified the +1 plate armour "Hiuhi" {Str+7} (Okawaru
                  | gifted it to you on level 4 of the Snake Pit)
 25387 | Snake:4  | Received a gift from Okawaru
 25416 | Snake:4  | 25416 ||| Stepping ~*~*~tactically~*~*~ (hiding).
 25417 | Snake:4  | 25417 ||| Stepping ~*~*~tactically~*~*~ (hiding).
 25418 | Snake:4  | 25418 ||| Stepping ~*~*~tactically~*~*~ (hiding).
 25419 | Snake:4  | 25419 ||| INVOKING Heroism.
 25430 | Snake:4  | 25430 ||| Stepping ~*~*~tactically~*~*~ (stealth).
 25439 | Snake:4  | 25439 ||| Stepping ~*~*~tactically~*~*~ (stealth).
 25537 | Snake:4  | 25537 ||| INVOKING Heroism.
 25550 | Snake:4  | Noticed a quicksilver dragon
 25551 | Snake:4  | Noticed a quicksilver dragon
 25554 | Snake:4  | 25554 ||| Stepping ~*~*~tactically~*~*~ (hiding).
 25569 | Snake:4  | Killed a quicksilver dragon
 25570 | Snake:4  | Reached skill level 15 in Fighting
 25574 | Snake:4  | Killed a quicksilver dragon
 25636 | Snake:4  | 25636 ||| Stepping ~*~*~tactically~*~*~ (hiding).
 25637 | Snake:4  | 25637 ||| INVOKING Heroism.
 25643 | Snake:4  | Reached XP level 18. HP: 119/119 MP: 22/25
 25643 | Snake:4  | 25643 ||| Stepping ~*~*~tactically~*~*~ (hiding).
 25756 | Snake:4  | 25756 ||| DROPPING +0 hand axe of flaming.
 25861 | Snake:4  | Got a serpentine rune of Zot
 25943 | Snake:4  | 25943 ||| Stepping ~*~*~tactically~*~*~ (stealth).
 25962 | Snake:4  | 25962 ||| INVOKING Heroism.
 26089 | Snake:4  | 26089 ||| INVOKING Heroism.
 26179 | Snake:4  | Noticed Vashnia
 26180 | Snake:4  | 26180 ||| INVOKING Heroism.
 26208 | Snake:4  | 26208 ||| Stepping ~*~*~tactically~*~*~ (hiding).
 26231 | Snake:4  | 26231 ||| Stepping ~*~*~tactically~*~*~ (hiding).
 26232 | Snake:4  | 26232 ||| Stepping ~*~*~tactically~*~*~ (hiding).
 26234 | Snake:4  | 26234 ||| Stepping ~*~*~tactically~*~*~ (hiding).
 26235 | Snake:4  | 26235 ||| Stepping ~*~*~tactically~*~*~ (hiding).
 26244 | Snake:4  | Killed Vashnia
 26314 | Snake:4  | 26314 ||| Stepping ~*~*~tactically~*~*~ (hiding).
 26555 | Snake:4  | 26555 ||| Stepping ~*~*~tactically~*~*~ (stealth).
 26557 | Snake:4  | 26557 ||| Stepping ~*~*~tactically~*~*~ (stealth).
 26617 | Snake:4  | Noticed Louise
 26630 | Snake:4  | Killed Louise
 26686 | Snake:4  | 26686 ||| PLANNING VAULTS:1-4
 26686 | Snake:4  | 26686 ||| DROPPING +1 plate armour "Hiuhi" {Str+7}.
 26687 | Snake:4  | 26687 ||| UPGRADING to +0 tower shield.
 26697 | Snake:4  | 26697 ||| DROPPING +0 kite shield.
 26986 | Vaults:1 | Entered Level 1 of the Vaults
 27045 | Vaults:1 | Reached skill level 15 in Shields
 27109 | Vaults:1 | 27109 ||| INVOKING Heroism.
 27118 | Vaults:1 | HP: 22/119 [dire elephant (15)]
 27119 | Vaults:1 | 27119 ||| READING 9 scrolls of teleportation.
 27210 | Vaults:1 | Noticed Asterion
 27210 | Vaults:1 | 27210 ||| INVOKING Heroism.
 27230 | Vaults:1 | Killed Asterion
 27285 | Vaults:1 | 27285 ||| Stepping ~*~*~tactically~*~*~ (stealth).
 27286 | Vaults:1 | 27286 ||| Stepping ~*~*~tactically~*~*~ (stealth).
 27321 | Vaults:1 | 27321 ||| INVOKING Heroism.
 27331 | Vaults:1 | Reached skill level 16 in Shields
 27334 | Vaults:1 | 27334 ||| INVOKING Finesse.
 27348 | Vaults:1 | Received a gift from Okawaru
 27366 | Vaults:1 | 27366 ||| Stepping ~*~*~tactically~*~*~ (hiding).
 27367 | Vaults:1 | 27367 ||| Stepping ~*~*~tactically~*~*~ (hiding).
 27400 | Vaults:1 | 27400 ||| READING 15 scrolls of identify.
 27400 | Vaults:1 | 27400 ||| IDENTIFYING lumpy brown potion
 27695 | Vaults:1 | 27695 ||| Stepping ~*~*~tactically~*~*~ (hiding).
 27776 | Vaults:1 | 27776 ||| INVOKING Heroism.
 27841 | Vaults:1 | Received a gift from Okawaru
 27842 | Vaults:1 | Reached skill level 17 in Shields
 27888 | Vaults:1 | 27888 ||| INVOKING Heroism.
 27889 | Vaults:1 | 27889 ||| INVOKING Finesse.
 27906 | Vaults:1 | 27906 ||| DROPPING +2 pair of boots of flying.
 27973 | Vaults:1 | 27973 ||| READING scroll of enchant weapon.
 27973 | Vaults:1 | 27973 ||| ENCHANTING +2 broad axe.
 28153 | Vaults:1 | Found a portal to a secret trove of treasure.
 28185 | Vaults:1 | 28185 ||| Stepping ~*~*~tactically~*~*~ (stealth).
 28186 | Vaults:1 | 28186 ||| Stepping ~*~*~tactically~*~*~ (stealth).
 28203 | Vaults:1 | 28203 ||| Stepping ~*~*~tactically~*~*~ (hiding).
 28211 | Vaults:1 | Received a gift from Okawaru
 28404 | Vaults:1 | 28404 ||| Stepping ~*~*~tactically~*~*~ (stealth).
 28427 | Vaults:1 | 28427 ||| INVOKING Heroism.
 28428 | Vaults:1 | 28428 ||| INVOKING Finesse.
 28503 | Vaults:1 | 28503 ||| Stepping ~*~*~tactically~*~*~ (stealth).
 28518 | Vaults:1 | Reached skill level 18 in Shields
 28548 | Vaults:1 | Reached XP level 19. HP: 124/124 MP: 26/26
 28732 | Vaults:1 | 28732 ||| READING scroll labelled HALURIENI.
 28804 | Vaults:2 | 28804 ||| Stepping ~*~*~tactically~*~*~ (hiding).
 28805 | Vaults:2 | 28805 ||| Stepping ~*~*~tactically~*~*~ (hiding).
 28807 | Vaults:2 | 28807 ||| Stepping ~*~*~tactically~*~*~ (hiding).
 28851 | Vaults:2 | 28851 ||| INVOKING Heroism.
 28862 | Vaults:2 | Received a gift from Okawaru
 28994 | Vaults:2 | Reached skill level 15 in Armour
 29007 | Vaults:2 | 29007 ||| READING scroll of acquirement.
 29007 | Vaults:2 | 29007 ||| ACQUIRING +3 broad axe of freezing
 29007 | Vaults:2 | Acquired a +3 broad axe of freezing
 29009 | Vaults:2 | 29009 ||| SWAPPING to +3 broad axe of freezing.
 29010 | Vaults:2 | 29010 ||| DROPPING +3 broad axe.
 29072 | Vaults:2 | 29072 ||| Stepping ~*~*~tactically~*~*~ (hiding).
 29231 | Vaults:2 | Received a gift from Okawaru
 29282 | Vaults:2 | 29282 ||| Stepping ~*~*~tactically~*~*~ (hiding).
 29376 | Vaults:2 | 29376 ||| INVOKING Heroism.
 29501 | Vaults:2 | Reached skill level 9 in Throwing
 29654 | Vaults:2 | Identified the ring "Toteuj" {Will+ Str+6}
 29905 | Vaults:2 | 29905 ||| Stepping ~*~*~tactically~*~*~ (stealth).
 29912 | Vaults:2 | 29912 ||| Stepping ~*~*~tactically~*~*~ (stealth).
 29941 | Vaults:2 | 29941 ||| Stepping ~*~*~tactically~*~*~ (stealth).
 29965 | Vaults:2 | Found a staircase to the Crypt.
 30013 | Vaults:2 | 30013 ||| Stepping ~*~*~tactically~*~*~ (hiding).
 30015 | Vaults:2 | 30015 ||| Stepping ~*~*~tactically~*~*~ (hiding).
 30094 | Vaults:2 | 30094 ||| Stepping ~*~*~tactically~*~*~ (stealth).
 30163 | Vaults:2 | Identified the +0 orcbow "Voitaasu" {heavy, rPois Str+3
                  | Int+2}
 30181 | Vaults:2 | 30181 ||| Stepping ~*~*~tactically~*~*~ (hiding).
 30235 | Vaults:2 | 30235 ||| INVOKING Heroism.
 30242 | Vaults:2 | HP: 29/125 [vault warden/+2 heavy bardiche (31)]
 30243 | Vaults:2 | 30243 ||| READING 11 scrolls of teleportation.
 30247 | Vaults:2 | HP: 5/125 [ironbound preserver/+0 mace (13)]
 30250 | Vaults:2 | Reached skill level 19 in Shields
 30260 | Vaults:2 | 30260 ||| READING 10 scrolls of teleportation.
 30264 | Vaults:2 | 30264 ||| INVOKING Heroism.
 30414 | Vaults:2 | 30414 ||| Stepping ~*~*~tactically~*~*~ (hiding).
 30415 | Vaults:2 | 30415 ||| Stepping ~*~*~tactically~*~*~ (hiding).
 30425 | Vaults:2 | 30425 ||| Stepping ~*~*~tactically~*~*~ (hiding).
 30426 | Vaults:2 | 30426 ||| Stepping ~*~*~tactically~*~*~ (hiding).
 30431 | Vaults:2 | 30431 ||| Stepping ~*~*~tactically~*~*~ (hiding).
 30432 | Vaults:2 | 30432 ||| Stepping ~*~*~tactically~*~*~ (hiding).
 30433 | Vaults:2 | 30433 ||| Stepping ~*~*~tactically~*~*~ (hiding).
 30434 | Vaults:2 | 30434 ||| Stepping ~*~*~tactically~*~*~ (hiding).
 30436 | Vaults:2 | 30436 ||| Stepping ~*~*~tactically~*~*~ (hiding).
 30502 | Vaults:2 | 30502 ||| Stepping ~*~*~tactically~*~*~ (stealth).
 30570 | Vaults:2 | 30570 ||| Stepping ~*~*~tactically~*~*~ (hiding).
 30596 | Vaults:2 | 30596 ||| DROPPING +0 pair of boots of stealth.
 30597 | Vaults:2 | 30597 ||| DROPPING +6 ring of dexterity.
 30598 | Vaults:2 | 30598 ||| DROPPING ring of see invisible.
 30599 | Vaults:2 | 30599 ||| UPGRADING to ring "Toteuj" {Will+ Str+6}.
 30601 | Vaults:2 | 30601 ||| UPGRADING to ring of Faxzix {rF+ rN+ Will+ MP+9}.
 30640 | Vaults:2 | 30640 ||| UPGRADING to ring "Noupnu Irraf" {rF+ rC+ Will+}.
 30642 | Vaults:2 | 30642 ||| READING 19 scrolls of identify.
 30642 | Vaults:2 | 30642 ||| IDENTIFYING inky potion
 30643 | Vaults:2 | 30643 ||| DROPPING potion of degeneration.
 30815 | Vaults:3 | 30815 ||| INVOKING Heroism.
 30824 | Vaults:3 | HP: 30/125 [vault warden/+0 long sword (29)]
 30825 | Vaults:3 | 30825 ||| READING 9 scrolls of teleportation.
 30825 | Vaults:3 | HP: 6/125 [yaktaur/bolt[a vault warden] (16)]
 30827 | Vaults:3 | Demolished by a vault warden

Levels and vault maps discovered:
D:1:      minmay_arrival_semitransparent, layout_basic
D:2:      layout_basic
D:3:      layout_rooms, nicolae_overflow_hallway_of_the_gods,
          nicolae_wu_jian_immortal_techniques
D:4:      layout_basic, mainiacjoe_overflow_24_doors, uniq_ijyb
D:5:      layout_rooms, minmay_temple_entry_fiery,
          nicolae_shop_sticking_my_neck_out, uniq_duvessa, uniq_eustachio,
          uniq_menkaure, uniq_prince_ribbit1
D:6:      layout_gridville, uniq_blork_the_orc
D:7:      layout_loops_ring, serial_shops,
          nicolae_shop_temple_entry_statues_fountains, nicolae_specific_store,
          grunt_decor_junction
D:8:      layout_basic, mainiacjoe_overflow_chevrons, kennysheep_generic_room_6
D:9:      layout_gridville, erik_lair_island, kennysheep_another_room,
          serial_park_tiny_2, lemuel_flamethrower_2, uniq_pikel, uniq_psyche
D:10:     minmay_wavy_crystal, layout_grid_maze, cheibrodos_ashenzari_chains,
          orc_0_dummy, minmay_joined_circles
D:11:     layout_irregular_city, portal_ice_cave_entry_imps
D:12:     layout_cave_pods
D:13:     layout_irregular_city, nicolae_hepliaklqana_ecumenical_no_more
D:14:     layout_cave_pools, erik_vaults_2, grunt_qazlal_clouds,
          minmay_door_square
D:15:     grunt_enter_depths_hoard, layout_irregular_city, okawaru_trees_1,
          chequers_mini_garden, reono_crystal_passage
Lair:1:   layout_loops_ring
Lair:2:   layout_gridlike, swamp_mist_pool, minmay_snake_entry_guardpost_large,
          serial_bayou, serial_bayou_pond_c, serial_bayou_pond_d,
          serial_bayou_lagoon_a, serial_bayou_lake_a, small_statue_intersection,
          wad_woods_river_04
Lair:3:   layout_roguey, grunt_megastairs_1, wad_woods_river_01
Lair:4:   layout_loops_ring, special_room [special_room_bee]
Lair:5:   grunt_lair_end_beastmaster, layout_regular_city, slime_entry_1,
          serial_bayou_pond_a
Swamp:1:  gammafunk_worm_tunnel, layout_falls_marsh,
          evilmike_swamp_ruin_rubble_2
Swamp:2:  layout_falls_marsh, evilmike_swamp_ruin_house_6,
          nicolae_swamp_bloodsuckers_inc
Swamp:3:  nicolae_swamp_husk_halls, layout_falls_marsh,
          nicolae_swamp_triple_paths, swamp_pool1
Snake:1:  layout_onion_interference, serial_shops, nicolae_diamond_shop,
          uniq_aizul, uniq_josephine
Snake:2:  layout_rooms, basic_altar, minmay_shoptagon
Snake:3:  layout_basic
Snake:4:  hellmonk_snake_rune_quicksilver_temple, layout_cave_town,
          grunt_megastairs_4, uniq_vashnia, uniq_louise
Orc:1:    layout_caves, uniq_jorgrun
Orc:2:    st_orc_ogre_mass, layout_diamond_mine
Vaults:1: hangedman_vaults_corner, nicolae_vaults_security_offices_2,
          vaults_dpeg_emergency_exit, nicolae_vaults_wrenched,
          nicolae_vaults_windows_and_doors_thing,
          nicolae_vaults_little_squares_1, nicolae_vaults_yaktaur_gun_rack,
          v_alt_pattern_5, vaults_room_door_hall, nicolae_vaults_diamond_1,
          nicolae_vaults_storage_room_doors, layout_vaults_ring,
          nicolae_trove_entry_columns, uniq_asterion
Vaults:2: minmay_crypt_entry_skeletal_spiral, nicolae_vaults_double_plus_1,
          nicolae_vaults_shrinking_rooms_1, hangedman_vaults_slice,
          nicolae_vaults_tangram_1, nicolae_vaults_shipping_containers_4,
          nicolae_vaults_ninety_degrees, ontoclasm_vaults_loading_screen,
          nicolae_vaults_house_2, nicolae_vaults_closet_pinwheel_4,
          nicolae_vaults_trapezoid_lopsided_1, nicolae_vaults_closet_pinwheel_5,
          nicolae_vaults_heist, nicolae_vaults_specimen_jars,
          nicolae_vaults_apartment_1, nicolae_vaults_trapezoid_lopsided_3,
          layout_vaults_omnicross
Vaults:3: hangedman_vaults_stagger, nicolae_vaults_ring_of_whatevers,
          nicolae_vaults_asterisk, nicolae_vaults_house_3,
          nicolae_vaults_house_3, nicolae_vaults_statue_guard,
          nicolae_vaults_trapezoid_lopsided_2, nicolae_vaults_tetromino_Z_1,
          layout_vaults_omnigrid

Skill      XL: |  1  2  3  4  5  6  7  8  9 10 11 12 13 14 15 16 17 18 19 |
---------------+----------------------------------------------------------+-----
Axes           | 2 3 4 5 6 8 9 10 11 12 14 15 16 17 18 | 18.0
Throwing       | 1 3 4 5 7 8 9 |  9.0
Fighting       | 4 5 6 8 9 10 11 12 13 14 15 16 | 16.0
Invocations    | 2 4 5 9 10 | 10.0
Dodging        | 1 3 4 |  4.0
Armour         | 6 7 9 10 11 12 13 14 15 | 15.4
Shields        | 6 7 9 13 14 18 19 | 19.0

Action                     |  1- 3 |  4- 6 |  7- 9 | 10-12 | 13-15 | 16-18 | 19-21 || total
---------------------------+-------+-------+-------+-------+-------+-------+-------++-------
  Melee: War axe           |    88 |   117 |   170 |   308 |   803 |   150 |       ||  1636
         Bite              |       |       |     3 |    35 |    92 |   214 |    69 ||   413
         Morningstar       |       |       |       |    12 |     6 |       |       ||    18
         Broad axe         |       |       |       |       |       |  1309 |   371 ||  1680
         Hand axe          |       |       |       |       |       |     3 |       ||     3
  Throw: Javelin           |       |    13 |     2 |    28 |   127 |   124 |    55 ||   349
         Boomerang         |       |     8 |    46 |    73 |   100 |    13 |       ||   240
 Invoke: Heroism           |       |     1 |    15 |    26 |    28 |    39 |     5 ||   114
         Finesse           |       |       |       |     2 |     6 |     5 |       ||    13
    Use: Scroll            |     4 |     4 |     5 |     8 |    12 |     8 |     6 ||    47
         Potion            |     1 |     3 |     2 |       |     1 |     2 |       ||     9
   Stab: Petrifying        |       |       |       |       |     1 |       |       ||     1
         Distracted        |       |       |       |       |       |     1 |       ||     1
 Armour: Scale mail        |    59 |    53 |    81 |       |       |       |       ||   193
         Plate armour      |       |       |    27 |   328 |   775 |   884 |   127 ||  2141
  Dodge: Dodged            |    40 |    52 |    96 |   206 |   335 |   371 |    46 ||  1146
  Block: Buckler           |    14 |    21 |    39 |   153 |   158 |       |       ||   385
         Kite shield       |       |       |       |       |   249 |   570 |       ||   819
         Tower shield      |       |       |       |       |       |   290 |   204 ||   494

Table legend:
 A = Non-vault XP
 B = Vault XP
 C = Vault XP percentage of total XP
 D = Non-vault monster count
 E = Vault monster count
 F = Vault count percentage of total count
                 A         B        C        D         E       F
            +---------+---------+-------+---------+---------+-------
      Total |  240225 |  130276 |  35.2 |     758 |     272 |  26.4
            +---------+---------+-------+---------+---------+-------
        D:1 |      44 |       0 |   0.0 |      22 |       0 |   0.0
        D:2 |      59 |       0 |   0.0 |      17 |       0 |   0.0
        D:3 |      29 |       0 |   0.0 |      16 |       0 |   0.0
        D:4 |     258 |      36 |  12.2 |      19 |       1 |   5.0
        D:5 |     651 |     827 |  56.0 |      12 |       5 |  29.4
        D:6 |    1127 |     100 |   8.1 |      26 |       1 |   3.7
        D:7 |     663 |       0 |   0.0 |      18 |       0 |   0.0
        D:8 |    2503 |       0 |   0.0 |      22 |       0 |   0.0
        D:9 |    2055 |    1874 |  47.7 |      29 |      11 |  27.5
       D:10 |    1475 |    3266 |  68.9 |      13 |      15 |  53.6
       D:11 |    3112 |     124 |   3.8 |      14 |      12 |  46.2
       D:12 |    4130 |       0 |   0.0 |      17 |       0 |   0.0
       D:13 |    7166 |       0 |   0.0 |      19 |       0 |   0.0
       D:14 |    4237 |    6938 |  62.1 |       8 |       8 |  50.0
       D:15 |   14192 |    1794 |  11.2 |      30 |       2 |   6.2
     Lair:1 |    3147 |       0 |   0.0 |      12 |       0 |   0.0
     Lair:2 |    8785 |     661 |   7.0 |      37 |       4 |   9.8
     Lair:3 |   10845 |    3795 |  25.9 |      38 |      15 |  28.3
     Lair:4 |    7049 |    1912 |  21.3 |      30 |      15 |  33.3
     Lair:5 |   18236 |    8168 |  30.9 |      51 |      19 |  27.1
    Swamp:1 |   13367 |       0 |   0.0 |      24 |       0 |   0.0
    Swamp:2 |   14108 |    2203 |  13.5 |      28 |       9 |  24.3
    Swamp:3 |   14154 |    2268 |  13.8 |      27 |       5 |  15.6
    Snake:1 |   11463 |    2738 |  19.3 |      20 |       5 |  20.0
    Snake:2 |   10369 |       0 |   0.0 |      21 |       0 |   0.0
    Snake:3 |   14308 |       0 |   0.0 |      30 |       0 |   0.0
    Snake:4 |    5721 |   23268 |  80.3 |      10 |      27 |  73.0
      Orc:1 |    2048 |    1740 |  45.9 |      31 |       1 |   3.1
      Orc:2 |    5036 |   16675 |  76.8 |      27 |      38 |  58.5
   Vaults:1 |   40089 |   18281 |  31.3 |      60 |      29 |  32.6
   Vaults:2 |   16659 |   33608 |  66.9 |      26 |      50 |  65.8
   Vaults:3 |    3140 |       0 |   0.0 |       4 |       0 |   0.0
            +---------+---------+-------+---------+---------+-------
